 Seeded DCSS version 0.30-a0-956-gcec3b41aec (webtiles) character file.

Game seed: 13137397067068997422 (custom seed)

913 mistaj the Trooper (level 8, -24/44 HPs)
             Began as a Vine Stalker Fighter on Mar 30, 2023.
             Was an Initiate of Cheibriados.
             Killed from afar by Dowan (39 damage)
             ... with a shard of ice
             ... on level 4 of the Dungeon.
             The game lasted 00:04:02 (3109 turns).

mistaj the Trooper (Vine Stalker Fighter)           Turns: 3109, Time: 00:04:03

Health: -24/44     AC: 21    Str: 23    XL:     8   Next: 9%
Magic:  0/9        EV:  3    Int: 12    God:    Cheibriados [......]
Gold:   206        SH:  5    Dex: 14    Spells: 7/7 levels left

rFire   . . .      SeeInvis .    a - +0 war axe
rCold   . . .      Faith    .    c - +0 buckler
rNeg    . . .      Spirit   +    g - +5 crystal plate armour of Weukyen {Int+3}
rPois   .          Reflect  .    (no helmet)
rElec   .          Rampage  .    (no cloak)
rCorr   .                        (no gloves)
Will    +....                    i - +0 pair of boots Stlth
                                 (no amulet)
HPRegen 1.07/turn                (no ring)
MPRegen 0.11/turn                (no ring)

@: very slow
A: fangs 3, regeneration 1, magic shield, antimagic bite, no potion heal 2
a: Renounce Religion


You were on level 4 of the Dungeon.
You worshipped Cheibriados.
Cheibriados was noncommittal.
You visited 1 branch of the dungeon, and saw 4 of its levels.

You collected 206 gold pieces.

Inventory:

Hand Weapons
 a - a +0 war axe (weapon)
Armour
 c - a +0 buckler (worn)
 g - the +5 crystal plate armour of Weukyen (worn) {Int+3}
   (You acquired it on level 1 of the Dungeon)

   Int:       It affects your intelligence (+3).
 i - a +0 pair of boots (worn)
Jewellery
 o - an amulet of reflection
Scrolls
 e - 6 scrolls of identify {unknown}
 j - a scroll of vulnerability {unknown}
 k - a scroll of teleportation {unknown}
 l - 2 scrolls of magic mapping {unknown}
 m - a scroll of poison {unknown}
 n - 2 scrolls of acquirement
 p - a scroll of silence {unknown}
Potions
 b - 4 potions of curing {unknown}
 d - 2 potions of might
 f - a potion of cancellation {unknown}
 h - 3 potions of mutation {unknown}


   Skills:
 + Level 5.4 Fighting
 + Level 4.9 Axes
 - Level 2.4 Armour
 + Level 5.4 Shields


You had 7 spell levels left.
You didn't know any spells.
Your spell library contained the following spells:

 Spells                   Type           Power      Damage    Failure   Level
 Freeze                   Ice            0%         1d3       100%        1
 Frozen Ramparts          Ice            0%         1d1       100%        3
 Hailstorm                Conj/Ice       0%         3d3       100%        3
 Yara's Violent Unravell  Hex/Tmut       0%         3d3       100%        5
 Enfeeble                 Hex            0%         N/A       100%        7


Dungeon Overview and Level Annotations

Branches:
Dungeon (4/15)
 Temple: D:4-7

Altars:
Ashenzari
Cheibriados
Gozag
Wu Jian

Annotations:
D:4 Dowan


Innate Abilities, Weirdness & Mutations

You have razor-sharp teeth.
Your natural rate of healing is unusually fast.
When hurt, damage is shared between your health and your magic reserves.
Your bite disrupts and absorbs the magic of your enemies.
Potions cannot restore your health.


Message History

Duvessa is almost dead.
Duvessa hits you but does no damage.
Dowan mumbles some strange words.
Dowan blinks!
Duvessa hits you but does no damage.
Unknown command.
You hit Duvessa but do no damage.
Duvessa is almost dead.
You block Duvessa's attack. Duvessa hits you but does no damage.
Unknown command.
You slash Duvessa!
You kill Duvessa!
Cheibriados thoroughly appreciates the change of pace.
Dowan seems overcome with grief.
Dowan seems to find hidden reserves of power!
You hit Dowan but do no damage. Dowan casts a spell at you.
The shard of ice hits you! You block Dowan's attack.
Dowan points at you and mumbles some strange words.
The shard of ice hits you!
You have reached level 8!
You feel stronger.
Your teeth grow very long and razor-sharp.
You hit Dowan. Your bite misses Dowan.
Dowan is lightly wounded.
Dowan gestures at you while chanting. The shard of ice hits you!
* * * LOW HITPOINT WARNING * * *
Dowan mumbles some strange words.
Dowan blinks!
Things that are here:
a +0 scythe; a +0 robe; a lumpy silvery potion You hit Dowan.
Your bite misses Dowan.
Dowan is moderately wounded.
Dowan hits you but does no damage.
Dowan casts a spell.
Dowan blinks!
Dowan points at you and mumbles some strange words.
The shard of ice hits you!!!
Ouch! That really hurt!
You die...

#...... ...... #..#.##
..... #...... ....
#....(. ##... #..)...
######e..#### #..#.##
#........... #..#.##
###........########..#.##
..'<....@..........).#.##
##....)##########...#.##
.......)...#....<#..<#.##
##########.#.#####..##.##
#.#.# #...#.## #.#.#
#.#.# .. #.#.#####.#.####
#.#.............
#.............).


You could see Dowan (fast, empowered).

Vanquished Creatures
  Sigmund (D:4)
  Eustachio (D:4)
  Duvessa (D:4)
  A black bear (D:4)
  An ogre (D:4)
  Blork the orc (D:4)
  A bullfrog (D:4)
  An orc priest (D:4)
  Terence (D:3)
  2 orc wizards
  3 adders
  2 worms
  4 dart slugs
  9 orcs
  6 endoplasms
  7 giant cockroaches
  5 goblins
  6 hobgoblins
  2 quokkas
  5 ball pythons
  6 bats
  A frilled lizard (D:2)
  12 kobolds
  3 rats (D:2)
82 creatures vanquished.

Vanquished Creatures (others)
  2 demonic plants (D:3)
2 creatures vanquished.

Grand Total: 84 creatures vanquished

Notes
Turn   | Place    | Note
-------+----------+-------------------------------------------
     0 | D:1      | mistaj the Vine Stalker Fighter began the quest for the
                  | Orb.
     0 | D:1      | Reached XP level 1. HP: 11/11 MP: 2/2
   193 | D:1      | Reached XP level 2. HP: 16/16 MP: 3/3
   420 | D:1      | Identified a scroll of acquirement
   420 | D:1      | Acquired the +5 crystal plate armour of Weukyen {Int+3}
   542 | D:1      | Reached XP level 3. HP: 20/20 MP: 4/4
   730 | D:2      | Found Xexamnid's Weapon Shoppe.
   839 | D:2      | Gained mutation: Your natural rate of healing is unusually
                  | fast. [Vine Stalker growth]
   839 | D:2      | Reached XP level 4. HP: 24/24 MP: 5/5
  1187 | D:3      | Noticed Terence
  1197 | D:3      | Killed Terence
  1198 | D:3      | Reached XP level 5. HP: 28/28 MP: 6/6
  1267 | D:3      | Found a broken altar of Ashenzari.
  1342 | D:3      | Found a faded altar of an unknown god.
  1354 | D:3      | Found an ornate altar of the Wu Jian Council.
  2155 | D:4      | Noticed an ogre
  2164 | D:4      | Killed an ogre
  2165 | D:4      | Reached XP level 6. HP: 11/33 MP: 2/7
  2248 | D:4      | Found an opulent altar of Gozag.
  2316 | D:4      | Noticed Blork the orc
  2324 | D:4      | Killed Blork the orc
  2450 | D:4      | Found a snail-covered altar of Cheibriados.
  2612 | D:4      | Became a worshipper of Cheibriados the Contemplative
  2843 | D:4      | Noticed Eustachio
  2848 | D:4      | Killed Eustachio
  2849 | D:4      | Reached XP level 7. HP: 34/38 MP: 6/8
  2948 | D:4      | Reached skill level 5 in Fighting
  3090 | D:4      | Noticed Duvessa
  3090 | D:4      | Noticed Sigmund
  3091 | D:4      | Noticed Dowan
  3098 | D:4      | Killed Sigmund
  3099 | D:4      | Reached skill level 5 in Shields
  3105 | D:4      | Killed Duvessa
  3106 | D:4      | Gained mutation: You have razor-sharp teeth. [Vine Stalker
                  | growth]
  3106 | D:4      | Reached XP level 8. HP: 20/44 MP: 4/9
  3109 | D:4      | Killed from afar by Dowan

Illustrated notes

Levels and vault maps discovered:
D:1:      dpeg_arrival_long_road, layout_basic
D:2:      layout_rooms, serial_shops, nicolae_shop_bloodbath_and_beyond
D:3:      layout_loops_corners, lemuel_round_altar,
          mainiacjoe_overflow_alcove_4, shapermc_ecumenical_altar_gd,
          minmay_misc_feat_roman, uniq_terence
D:4:      cheibrodos_old_hovel, layout_basic, kennysheep_mini,
          nicolae_gozag_cash_rules_everything_around_me, zin_statuary,
          uniq_eustachio, uniq_duvessa, uniq_blork_the_orc, uniq_sigmund

Skill      XL: |  1  2  3  4  5  6  7 |
---------------+----------------------+-----
Axes           | 2 3 4 |  4.9
Fighting       | 3 4 5 |  5.4
Shields        | 3 4 5 |  5.4
Armour         | |  2.4

Action                     |  1- 3 |  4- 6 |  7- 9 || total
---------------------------+-------+-------+-------++-------
  Melee: War axe           |    71 |   109 |    32 ||   212
         Bite              |    10 |    34 |    11 ||    55
    Use: Scroll            |     1 |       |       ||     1
 Armour: Scale mail        |    16 |       |       ||    16
         Crystal plate arm |    65 |    92 |    27 ||   184
  Dodge: Dodged            |    21 |     5 |     2 ||    28
  Block: Buckler           |    18 |    22 |     9 ||    49

Table legend: (Time is in decaauts)
 A = Elapsed time spent in this place.
 B = Non-inter-level travel time spent in this place.
 C = Inter-level travel time spent in this place.
 D = Time resting spent in this place.
 E = Time spent auto-exploring this place.
 F = Levels seen in this place.
 G = Mean time per level.
                   A        B        C        D        E       F      G
               +--------+--------+--------+--------+--------+-----+--------+
         Total |   3316 |   3171 |    145 |    278 |   2281 |   4 |  829.0 |
       Dungeon |   3316 |   3171 |    145 |    278 |   2281 |   4 |  829.0 |
               +--------+--------+--------+--------+--------+-----+--------+

Top non-repeatable levels by time:
     D:4: 1154 daAuts
     D:3: 1111 daAuts
     D:1: 685 daAuts
     D:2: 364 daAuts
